[Event "SVK Extraliga 2017-18"]
[Site "Slovakia"]
[Date "2017.12.09"]
[Round "5"]
[White "Pcola, Jaroslav"]
[Black "Kusiak, Matej"]
[Result "0-1"]
[ECO "A40"]
[WhiteElo "2113"]
[BlackElo "2308"]
[Annotator "NA"]
[PlyCount "122"]
[EventDate "2017.??.??"]
[EventType "team-tourn"]
[EventCountry "SVK"]
[SourceTitle "playchess.com"]
[Source "ChessBase"]
[SourceQuality "1"]
[TimeControl "40/5400+30:1800+30"]

1. d4 b6 2. e4 Bb7 3. Bd3 Nf6 4. Qe2 e6 5. Nf3 c5 6. c3 Be7 7. O-O Nc6 8. Bg5 h6 9. Bh4 cxd4 10. Nxd4 d6 11. Nxc6 Bxc6 12. Nd2 O-O 13. Nb3 e5 14. Rad1 Nd7 15. Bxe7 Qxe7 16. Bb5 Bxb5 17. Qxb5 Nf6 18. Rfe1 Qc7 19. Nd2 Rfd8 20. Nf1 a6 21. Qe2 Qc5 22. Ng3 g6 23. Qe3 Rac8 24. Qxc5 Rxc5 25. f3 b5 26. Nf1 Ne8 27. Ne3 Nc7 28. Re2 Kf8 29. Red2 Ke7 30. Kf2 Ke6 31. Nd5 Nxd5 32. Rxd5 Rxd5 33. Rxd5 f5 34. g3 Rc8 35. Ke3 g5 36. Rd2 fxe4 37. fxe4 Rc5 38. Rd3 g4 39. b3 Rc8 40. Ke2 h5 41. Ke3 a5 42. Kd2 a4 43. b4 Rf8 44. Ke2 Kd7 45. Ke1 Kc6 46. Ke2 Rf7 47. Ke1 Rd7 48. Rd5 h4 49. Rd3 hxg3 50. Rxg3 Rh7 51. Rg2 Rh3 52. Kd2 d5 53. exd5+ Kxd5 54. Re2 e4 55. Kc2 Ke5 56. Kd2 Rd3+ 57. Kc2 Kf4 58. Rf2+ Rf3 59. Re2 Rf1 60. Rg2 e3 61. c4 Rf2+ 0-1

[Event "SVK Extraliga 2017-18"]
[Site "Slovakia"]
[Date "2017.12.09"]
[Round "5"]
[White "Magat, Jozef"]
[Black "Mydlarik, Martin"]
[Result "1/2-1/2"]
[ECO "A48"]
[WhiteElo "2110"]
[BlackElo "2083"]
[Annotator "NA"]
[PlyCount "35"]
[EventDate "2017.??.??"]
[EventType "team-tourn"]
[EventCountry "SVK"]
[SourceTitle "playchess.com"]
[Source "ChessBase"]
[SourceQuality "1"]
[TimeControl "40/5400+30:1800+30"]

1. Nf3 Nf6 2. d4 g6 3. Bf4 Bg7 4. e3 O-O 5. Nbd2 d6 6. Bd3 c5 7. c3 Nc6 8. Qc2 cxd4 9. exd4 e5 10. dxe5 dxe5 11. Bg5 Qc7 12. O-O Be6 13. Bxf6 Bxf6 14. Bc4 Bf5 15. Ne4 Be7 16. Qe2 Kg7 17. Ng3 Bg4 18. Bd5 1/2-1/2

[Event "SVK Extraliga 2017-18"]
[Site "Slovakia"]
[Date "2017.12.09"]
[Round "5"]
[White "Hanko, Pavol"]
[Black "Banas, Kamil"]
[Result "0-1"]
[ECO "D02"]
[WhiteElo "2073"]
[BlackElo "2265"]
[Annotator "NA"]
[PlyCount "106"]
[EventDate "2017.??.??"]
[EventType "team-tourn"]
[EventCountry "SVK"]
[SourceTitle "playchess.com"]
[Source "ChessBase"]
[SourceQuality "1"]
[TimeControl "40/5400+30:1800+30"]

1. d4 d5 2. Nf3 e6 3. c4 c6 4. e3 f5 5. Nc3 Nf6 6. Bd3 Bd6 7. Ne5 O-O 8. O-O Nbd7 9. f4 {[%emt 0:03:29] LiveBook: 14 Games} Ne4 10. Nxe4 {[%emt 0:03:28] A85: Dutch Defence: 2 c4 Nf6 3 Nc3} (10. Bd2 Nxe5 11. fxe5 Nxd2 12. Qxd2 Bxe5 13. cxd5 Bc7 14. dxc6 bxc6 15. Rac1 Kh8 16. Ne2 e5 17. Qc2 Qg5 {1-0 (37) Aronian,L (2803)-Ivanchuk,V (2731) Beijing 2013}) 10... dxe4 11. Be2 Nf6 12. Bd2 $146 ({Predecessor:} 12. b3 c5 13. Bb2 b6 14. Qd2 Qe7 15. Rfd1 Bb7 16. a3 Rfd8 17. Qc1 a5 {0-1 (38) Zsinka,L (2365)-Emodi,B (2375) Aggtelek 1998}) 12... Qc7 13. b4 b6 14. a4 c5 15. a5 Bb7 16. Qb3 Rfd8 17. bxc5 Bxc5 18. Bc3 Bd6 19. Rfb1 Bxe5 20. fxe5 Nd7 21. c5 Bd5 22. Bc4 Bxc4 23. Qxc4 Qc6 24. Rd1 b5 25. Qb3 $14 Nb8 26. Ra2 a6 27. h3 Rd5 28. Rf1 Nd7 29. Be1 Nf8 30. g4 fxg4 31. hxg4 Ng6 32. Rh2 Rd7 33. Qc2 Rf8 34. Rxf8+ Nxf8 35. g5 Rf7 36. Rh4 Rf5 37. Qxe4 Rxg5+ 38. Kf1 Qe8 39. Rg4 Rh5 40. c6 Ng6 41. Rg2 Ne7 42. Rc2 Nd5 43. Bf2 Nc7 44. Qg4 Rf5 45. e4 Rf7 46. Qd1 Qd8 47. Rd2 Qh4 48. Qc2 Qh1+ 49. Ke2 Rf4 50. Qb3 Rxe4+ 51. Kd3 Rf4 52. Be3 Qe4+ 53. Ke2 Rg4 0-1

[Event "SVK Extraliga 2017-18"]
[Site "Slovakia"]
[Date "2017.12.10"]
[Round "6"]
[White "Pinter, Erik"]
[Black "Hros, Roman"]
[Result "0-1"]
[ECO "B40"]
[WhiteElo "2381"]
[BlackElo "2194"]
[Annotator "NA"]
[PlyCount "80"]
[EventDate "2017.??.??"]
[EventType "team-tourn"]
[EventCountry "SVK"]
[SourceTitle "playchess.com"]
[Source "ChessBase"]
[SourceQuality "1"]
[TimeControl "40/5400+30:1800+30"]

1. e4 c5 2. Nf3 e6 3. d3 Nc6 4. g3 Nf6 5. Bg2 d5 6. Nbd2 Be7 7. O-O b6 8. Re1 Bb7 9. c3 Qc7 10. Qe2 O-O-O 11. a3 h6 12. e5 Nd7 13. Nf1 g5 14. h3 Rdg8 15. g4 h5 16. Ng3 hxg4 17. hxg4 Kb8 18. Nh5 d4 19. cxd4 Rxh5 20. d5 Rh6 21. dxc6 Bxc6 22. Bd2 Rgh8 23. b4 Qb7 24. Rac1 Rh3 25. Bxh3 Bxf3 26. Qf1 Rh4 27. Re3 b5 28. Rce1 Nb6 29. Rxf3 Qxf3 30. Re3 Qd5 31. Qe2 Qd4 32. Kh2 c4 33. Qf3 Nd5 34. Qxf7 Qxg4 35. Rg3 Qf5 36. Qxf5 exf5 37. dxc4 bxc4 38. Kg1 f4 39. Bg2 fxg3 40. Bxd5 Rd4 0-1

[Event "SVK Extraliga 2017-18"]
[Site "Slovakia"]
[Date "2017.12.10"]
[Round "6"]
[White "Farkas, Gabor"]
[Black "Zetocha, Claudiu"]
[Result "1-0"]
[ECO "A45"]
[WhiteElo "2378"]
[BlackElo "2352"]
[Annotator "NA"]
[PlyCount "139"]
[EventDate "2017.??.??"]
[EventType "team-tourn"]
[EventCountry "SVK"]
[SourceTitle "playchess.com"]
[Source "ChessBase"]
[SourceQuality "1"]
[TimeControl "40/5400+30:1800+30"]

1. d4 Nf6 2. Bf4 g6 3. e3 Bg7 4. Nf3 d6 5. Be2 Nbd7 6. O-O b6 7. a4 a5 8. c4 Bb7 9. Nc3 O-O 10. Qc2 Nb8 11. Rad1 Nh5 12. Bg5 h6 13. Bh4 Nc6 14. d5 Nb4 15. Qb1 Qe8 16. Nd4 e5 17. dxe6 fxe6 18. Ncb5 Rc8 19. Bg4 Bxd4 20. Nxd4 Ng7 21. f3 Nf5 22. Bf2 Ng7 23. e4 g5 24. Rfe1 Qf7 25. Be3 Rce8 26. b3 Qg6 27. e5 Qxb1 28. Rxb1 d5 29. Bd2 Nd3 30. Re3 dxc4 31. bxc4 Nc5 32. Nb5 Rd8 33. Bc3 Rf7 34. Bd4 Nxa4 35. Ra3 Nc5 36. Bxc5 bxc5 37. Rxa5 Bc6 38. Na7 Be8 39. Rxc5 Rd2 40. Rb8 Kh7 41. Nc6 Rfd7 42. h4 h5 43. Bh3 gxh4 44. Nb4 Bg6 45. Nd5 Rf7 46. Nf6+ Kh6 47. Rb7 Bf5 48. Rcxc7 Rxc7 49. Rxc7 Bxh3 50. gxh3 Nf5 51. Ne4 Rc2 52. c5 Kg6 53. Rc8 Ng3 54. Nd6 Ne2+ 55. Kf1 Nd4 56. f4 Nf3 57. c6 Kg7 58. c7 Kh7 59. Ne8 Rd2 60. Nf6+ Kg6 61. Rg8+ Kf5 62. Rg2 Rd1+ 63. Kf2 Rc1 64. Kxf3 Rc3+ 65. Kf2 Kxf4 66. Nxh5+ Kxe5 67. Rg5+ Kd6 68. Rg7 Ke5 69. Rf7 Ke4 70. Nf6+ {[%emt 0:00:10] Kd5} 1-0

[Event "SVK Extraliga 2017-18"]
[Site "Slovakia"]
[Date "2017.12.10"]
[Round "6"]
[White "Csonka, Attila Istvan"]
[Black "Zatko, Gregor"]
[Result "1-0"]
[ECO "B06"]
[WhiteElo "2366"]
[BlackElo "2167"]
[Annotator "NA"]
[PlyCount "79"]
[EventDate "2017.??.??"]
[EventType "team-tourn"]
[EventCountry "SVK"]
[SourceTitle "playchess.com"]
[Source "ChessBase"]
[SourceQuality "1"]
[TimeControl "40/5400+30:1800+30"]

1. e4 g6 2. d4 Bg7 3. Nf3 d6 4. Bc4 e6 5. Bb3 Ne7 6. O-O Nd7 7. Re1 b6 8. Nbd2 Bb7 9. Nf1 c5 10. c3 cxd4 11. cxd4 O-O 12. Bg5 h6 13. Bd2 Nf6 14. Ng3 d5 15. e5 Ne4 16. Bb4 Re8 17. Ba4 Nc6 18. Ba3 a6 19. Bc2 Nxg3 20. hxg3 Na5 21. b3 Nc6 22. Rc1 b5 23. Bc5 b4 24. g4 a5 25. g3 Nb8 26. Kg2 Nd7 27. Bd6 Nf8 28. Rh1 Nh7 29. Nh4 Ng5 30. f3 Qd7 31. Bxg6 fxg6 32. Rc7 Qb5 33. Qc2 Ne4 34. fxe4 Rac8 35. Rf1 Qb6 36. Rff7 Rxc7 37. Qxc7 Qxc7 38. Rxc7 Ba8 39. Nxg6 dxe4 40. Kf2 1-0

[Event "SVK Extraliga 2017-18"]
[Site "Slovakia"]
[Date "2017.12.10"]
[Round "6"]
[White "Hrabusa, Matej"]
[Black "Mrva, Martin"]
[Result "0-1"]
[ECO "A41"]
[WhiteElo "2357"]
[BlackElo "2401"]
[Annotator "NA"]
[PlyCount "78"]
[EventDate "2017.??.??"]
[EventType "team-tourn"]
[EventCountry "SVK"]
[SourceTitle "playchess.com"]
[Source "ChessBase"]
[SourceQuality "1"]
[TimeControl "40/5400+30:1800+30"]

1. d4 d6 2. Nf3 Bg4 3. c4 c6 4. Nc3 Qb6 5. e3 Nd7 6. Be2 e6 7. O-O Be7 8. h3 Bh5 9. Qa4 Ngf6 10. b4 Bg6 11. Ba3 Qc7 12. Rac1 Ne4 13. Nxe4 Bxe4 14. Nd2 Bg6 15. d5 O-O 16. Rfd1 a5 17. b5 Nb6 18. Qb3 a4 19. Qb4 c5 20. Qb2 Bf6 21. Rc3 exd5 22. Qc1 Rfe8 23. Bf1 Bh5 24. g4 Bg6 25. Bg2 h5 26. cxd5 hxg4 27. hxg4 Qd7 28. Nc4 Nxc4 29. Rxc4 Qxb5 30. f4 Rxe3 31. f5 Rxa3 32. fxg6 Rxa2 33. gxf7+ Kxf7 34. Qf4 Qb2 35. Qf3 Qe2 36. Rb1 Qxc4 37. Rxb7+ Kg8 38. g5 Qc1+ 39. Kh2 Qxg5 0-1

[Event "SVK Extraliga 2017-18"]
[Site "Slovakia"]
[Date "2017.12.10"]
[Round "6"]
[White "Salai, Ladislav"]
[Black "Palecek, Peter"]
[Result "1/2-1/2"]
[ECO "D10"]
[WhiteElo "2339"]
[BlackElo "2246"]
[Annotator "NA"]
[PlyCount "35"]
[EventDate "2017.??.??"]
[EventType "team-tourn"]
[EventCountry "SVK"]
[SourceTitle "playchess.com"]
[Source "ChessBase"]
[SourceQuality "1"]
[TimeControl "40/5400+30:1800+30"]

1. d4 d5 2. c4 c6 3. cxd5 cxd5 4. Nf3 Nf6 5. Nc3 Nc6 6. Bf4 a6 7. e3 e6 8. Be2 Bd6 9. Bxd6 Qxd6 10. O-O O-O 11. Rc1 b5 12. Nb1 Bd7 13. Nbd2 Rfc8 14. Nb3 Be8 15. Bd3 Nd7 16. Qe2 Ne7 17. Qd2 f6 18. Rxc8 1/2-1/2

[Event "SVK Extraliga 2017-18"]
[Site "Slovakia"]
[Date "2017.12.10"]
[Round "6"]
[White "Kusiak, Matej"]
[Black "Vrbova, Niki"]
[Result "1-0"]
[ECO "B30"]
[WhiteElo "2308"]
[BlackElo "2188"]
[Annotator "NA"]
[PlyCount "41"]
[EventDate "2017.??.??"]
[EventType "team-tourn"]
[EventCountry "SVK"]
[SourceTitle "playchess.com"]
[Source "ChessBase"]
[SourceQuality "1"]
[TimeControl "40/5400+30:1800+30"]

1. e4 c5 2. Nf3 Nc6 3. Bb5 a6 4. Bxc6 dxc6 5. d3 Qc7 6. h3 e5 7. O-O Be7 8. Be3 Nf6 9. Nbd2 O-O 10. Qe2 Re8 11. Nh2 b5 12. f4 exf4 13. Bxf4 Bd6 14. Bxd6 Qxd6 15. Nhf3 Nd7 16. Qf2 f6 17. Rae1 Ne5 18. Nxe5 Qxe5 19. Nf3 Qxb2 20. Qxc5 Be6 21. Rb1 1-0

[Event "SVK Extraliga 2017-18"]
[Site "Slovakia"]
[Date "2017.12.10"]
[Round "6"]
[White "Petran, Peter"]
[Black "Chovan, Milan"]
[Result "1/2-1/2"]
[ECO "A00"]
[WhiteElo "2307"]
[BlackElo "2305"]
[Annotator "NA"]
[PlyCount "126"]
[EventDate "2017.??.??"]
[EventType "team-tourn"]
[EventCountry "SVK"]
[SourceTitle "playchess.com"]
[Source "ChessBase"]
[SourceQuality "1"]
[TimeControl "40/5400+30:1800+30"]

1. g3 g6 2. Bg2 d5 3. Nf3 Bg7 4. d3 Nf6 5. Nbd2 O-O 6. e4 dxe4 7. dxe4 Nc6 8. O-O Nd7 9. Re1 a5 10. a4 Nc5 11. h3 b6 12. e5 Bb7 13. Qe2 Nb4 14. Nc4 Qe8 15. b3 Rd8 16. Bb2 Bd5 17. Rad1 Ne6 18. c3 Na6 19. Rxd5 Rxd5 20. Ne3 Rd8 21. Qxa6 Nc5 22. Qc4 Nd3 23. Re2 Nxb2 24. Rxb2 Qd7 25. Rd2 Qc8 26. Re2 e6 27. Re1 h5 28. g4 hxg4 29. Nxg4 Qd7 30. Qf4 Qd3 31. Nh6+ Bxh6 32. Qxh6 f6 33. Nh4 Rf7 34. Qxg6+ Qxg6 35. Nxg6 Rd3 36. Rc1 Rd2 37. exf6 Rxf6 38. Ne5 Rfxf2 39. Bf1 Rc2 40. Re1 Rf4 41. Bc4 Rxc3 42. Bxe6+ Kg7 43. Kg2 c6 44. Bd7 Rd4 45. Re2 Rd6 46. Bxc6 Rdxc6 47. Nxc6 Rxc6 48. Kf3 Rh6 49. Kg4 Rg6+ 50. Kf4 Rh6 51. Re3 Rh4+ 52. Ke5 Rb4 53. Kd5 b5 54. axb5 Rxb5+ 55. Kc4 Rb4+ 56. Kc3 Kf6 57. Re8 Rh4 58. Ra8 Rxh3+ 59. Kb2 Ke6 60. Rxa5 Kd6 61. Rg5 Kc6 62. Ka3 Rh4 63. b4 Rh1 1/2-1/2

[Event "SVK Extraliga 2017-18"]
[Site "Slovakia"]
[Date "2017.12.10"]
[Round "6"]
[White "Kantorik, Marian"]
[Black "Jablonicky, Martin"]
[Result "0-1"]
[ECO "E62"]
[WhiteElo "2298"]
[BlackElo "2313"]
[Annotator "NA"]
[PlyCount "70"]
[EventDate "2017.??.??"]
[EventType "team-tourn"]
[EventCountry "SVK"]
[SourceTitle "playchess.com"]
[Source "ChessBase"]
[SourceQuality "1"]
[TimeControl "40/5400+30:1800+30"]

1. d4 Nf6 2. c4 g6 3. g3 Bg7 4. Bg2 O-O 5. Nc3 d6 6. Nf3 Nc6 7. d5 Na5 8. Nd2 c5 9. O-O a6 10. Qc2 Rb8 11. a4 e6 12. b3 exd5 13. cxd5 b5 14. axb5 axb5 15. Bb2 Re8 16. e4 Ba6 17. Rfe1 b4 18. Nd1 h5 19. Ne3 Bb5 20. h3 Nd7 21. Bxg7 Kxg7 22. f4 Nb7 23. Nf3 Qf6 24. Rac1 Ra8 25. Ng5 Ra3 26. h4 Na5 27. Rb1 Nxb3 28. e5 dxe5 29. fxe5 Nxe5 30. Ne4 Nf3+ 31. Kh1 Rxe4 32. Qxe4 Nbd2 33. Qc2 Bd3 34. Qxc5 Bxb1 35. Qxb4 Rb3 0-1

[Event "SVK Extraliga 2017-18"]
[Site "Slovakia"]
[Date "2017.12.10"]
[Round "6"]
[White "Holtman, Teodor"]
[Black "Najgebauer, Szemjon"]
[Result "1/2-1/2"]
[ECO "B30"]
[WhiteElo "2296"]
[BlackElo "2180"]
[Annotator "NA"]
[PlyCount "64"]
[EventDate "2017.??.??"]
[EventType "team-tourn"]
[EventCountry "SVK"]
[SourceTitle "playchess.com"]
[Source "ChessBase"]
[SourceQuality "1"]
[TimeControl "40/5400+30:1800+30"]

1. e4 c5 2. Nf3 Nc6 3. Nc3 Nd4 4. Bc4 d6 5. O-O a6 6. Nxd4 cxd4 7. Ne2 e5 8. c3 dxc3 9. bxc3 Nf6 10. d4 Be7 11. f4 O-O 12. Bd3 Qc7 13. Kh1 b5 14. Be3 Be6 15. fxe5 dxe5 16. dxe5 Ng4 17. Bf4 Nxe5 18. Nd4 Bc4 19. Bxc4 bxc4 20. Qh5 Bf6 21. Nf3 Rae8 22. Rad1 Qe7 23. Bxe5 Bxe5 24. Nxe5 Qxe5 25. Qxe5 Rxe5 26. Rd4 Rfe8 27. Rxc4 Rxe4 28. Rxe4 Rxe4 29. Kg1 Re2 30. Rf2 Re1+ 31. Rf1 Re2 32. Rf2 Re1+ 1/2-1/2

[Event "SVK Extraliga 2017-18"]
[Site "Slovakia"]
[Date "2017.12.10"]
[Round "6"]
[White "Vojtek, Vladimir"]
[Black "Schwarz, Dusan"]
[Result "0-1"]
[ECO "C77"]
[WhiteElo "2284"]
[BlackElo "2284"]
[Annotator "NA"]
[PlyCount "82"]
[EventDate "2017.??.??"]
[EventType "team-tourn"]
[EventCountry "SVK"]
[SourceTitle "playchess.com"]
[Source "ChessBase"]
[SourceQuality "1"]
[TimeControl "40/5400+30:1800+30"]

1. e4 e5 2. Nf3 Nc6 3. Bb5 a6 4. Ba4 Nf6 5. d3 b5 6. Bb3 Be7 7. a4 b4 8. O-O d6 9. Nbd2 Be6 10. Nc4 O-O 11. Bd2 Rb8 12. a5 Bg4 13. Ne3 Bxf3 14. gxf3 Nd4 15. Bc4 c5 16. Kh1 Nh5 17. Rg1 Bh4 18. c3 bxc3 19. bxc3 Ne6 20. Nf5 Kh8 21. Rb1 Rxb1 22. Qxb1 g6 23. Ng3 Nhf4 24. Qb6 Qf6 25. Bxe6 Nxe6 26. Kg2 Bg5 27. Be3 Bf4 28. Ne2 Qg5+ 29. Kf1 Qh5 30. Bxf4 exf4 31. d4 Qh3+ 32. Rg2 Qxf3 33. d5 Qxe4 34. Rg4 Qxd5 35. Qb1 h5 36. Rh4 Re8 37. Rh3 f3 38. Ng3 Nf4 39. Rh4 Qc4+ 40. Kg1 Ne2+ 41. Nxe2 Qxh4 0-1

[Event "SVK Extraliga 2017-18"]
[Site "Slovakia"]
[Date "2017.12.10"]
[Round "6"]
[White "Cibickova, Zuzana"]
[Black "Briestensky, Rastislav"]
[Result "1/2-1/2"]
[ECO "C50"]
[WhiteElo "2282"]
[BlackElo "2322"]
[Annotator "NA"]
[PlyCount "169"]
[EventDate "2017.??.??"]
[EventType "team-tourn"]
[EventCountry "SVK"]
[SourceTitle "playchess.com"]
[Source "ChessBase"]
[SourceQuality "1"]
[TimeControl "40/5400+30:1800+30"]

1. e4 e5 2. Nf3 Nc6 3. Bc4 Be7 4. d4 d6 5. O-O Nf6 6. d5 Nb8 7. Bd3 O-O 8. h3 Nbd7 9. Be3 g6 10. c4 Nh5 11. Bh6 Ng7 12. Nc3 f5 13. exf5 gxf5 14. Qd2 Rf6 15. Bc2 Nf8 16. Rae1 Rg6 17. Bxg7 Rxg7 18. Kh1 a6 19. Ne2 Qe8 20. Rg1 Qf7 21. Nh2 f4 22. Be4 Ng6 23. Qd3 Bd7 24. g3 Rf8 25. Ng4 Kh8 26. Nh6 Qf6 27. g4 Nh4 28. Nf5 Nxf5 29. gxf5 Bxf5 30. Bxf5 Qxf5 31. Qxf5 Rxf5 32. Rxg7 Kxg7 33. f3 Bh4 34. Rg1+ Kf7 35. Nc3 Bf2 36. Rg2 Bg3 37. Ne4 Rh5 38. Kg1 Bh4 39. Rc2 Be7 40. Kh2 Rh6 41. b4 c6 42. a4 Ke8 43. b5 axb5 44. axb5 cxd5 45. cxd5 Kd7 46. Rg2 Rg6 47. Rxg6 hxg6 48. Nd2 Bh4 49. Nc4 Bf2 50. Kg2 Bc5 51. h4 Ke7 52. Kh3 Bb4 53. Kg4 Kf6 54. Nb2 Bc5 55. Nc4 Kf7 56. Na5 Bb4 57. Nc4 Kf6 58. Nb2 Bc5 59. Nc4 Kf7 60. Na5 b6 61. Nb3 Bb4 62. Nc1 Bc5 63. Ne2 Bb4 64. Ng1 Kf6 65. Nh3 Bc5 66. Ng5 Bb4 67. Ne4+ Kg7 68. Kg5 Ba3 69. Nf6 Bc5 70. Ne4 Bb4 71. h5 gxh5 72. Kxh5 Kf7 73. Kg5 Ba3 74. Kf5 Bb4 75. Ng5+ Ke7 76. Kg6 Bc5 77. Ne4 Ba3 78. Kg7 Bc5 79. Kg6 Ba3 80. Nf6 Bc5 81. Ng8+ Kf8 82. Nf6 Ke7 83. Kf5 Ba3 84. Ne4 Bb4 85. Kg6 1/2-1/2

[Event "SVK Extraliga 2017-18"]
[Site "Slovakia"]
[Date "2017.12.10"]
[Round "6"]
[White "Banas, Kamil"]
[Black "Zvarik, Martin"]
[Result "1-0"]
[ECO "C45"]
[WhiteElo "2265"]
[BlackElo "2244"]
[Annotator "NA"]
[PlyCount "81"]
[EventDate "2017.??.??"]
[EventType "team-tourn"]
[EventCountry "SVK"]
[SourceTitle "playchess.com"]
[Source "ChessBase"]
[SourceQuality "1"]
[TimeControl "40/5400+30:1800+30"]

1. e4 e5 2. Nf3 Nc6 3. d4 exd4 4. Nxd4 Bc5 5. Nb3 Bb4+ 6. Bd2 Qe7 7. Bd3 Ne5 8. O-O Nf6 9. Bxb4 Qxb4 10. Nc3 O-O 11. f4 Nc4 12. Bxc4 Qxc4 13. e5 Ne4 14. Qd5 Qxd5 15. Nxd5 c6 16. Ne7+ Kh8 17. Rad1 Rd8 18. Rfe1 f5 19. Nxf5 d5 20. Ne3 Re8 21. c4 g5 22. cxd5 gxf4 23. Nc4 cxd5 24. Rxd5 Ng5 25. Nd6 Rg8 26. Kf2 Be6 27. Rc5 f3 28. gxf3 Raf8 29. Nd4 Bg4 30. Re3 Nh3+ 31. Ke1 Bh5 32. e6 Be8 33. Nxe8 Rxe8 34. Ne2 Re7 35. f4 Ng1 36. Ng3 Rf8 37. Nh5 b6 38. Rg5 Nf3+ 39. Rxf3 Rxe6+ 40. Kf2 Rd8 41. Re3 1-0

[Event "SVK Extraliga 2017-18"]
[Site "Slovakia"]
[Date "2017.12.10"]
[Round "6"]
[White "Macko, Miroslav"]
[Black "Bombek, Peter"]
[Result "0-1"]
[ECO "C03"]
[WhiteElo "2262"]
[BlackElo "2241"]
[Annotator "NA"]
[PlyCount "100"]
[EventDate "2017.??.??"]
[EventType "team-tourn"]
[EventCountry "SVK"]
[SourceTitle "playchess.com"]
[Source "ChessBase"]
[SourceQuality "1"]
[TimeControl "40/5400+30:1800+30"]

1. e4 e6 2. d4 d5 3. Nd2 Be7 4. Ngf3 c5 5. exd5 exd5 6. Be2 Nc6 7. dxc5 Bxc5 8. Nb3 Bb6 9. O-O Nge7 10. c3 O-O 11. Bf4 Bf5 12. Qd2 Re8 13. Rfe1 Qd7 14. a4 a6 15. a5 Ba7 16. Be3 Bxe3 17. Qxe3 Ng6 18. Qd2 Qd6 19. Nbd4 Be4 20. g3 h6 21. Bf1 Rad8 22. Bg2 Qf6 23. Ra4 Nxd4 24. Nxd4 Ne5 25. Rb4 Bxg2 26. Kxg2 Nc4 27. Rxe8+ Rxe8 28. Qd1 Re7 29. Nf3 Qe6 30. Qa1 Qe2 31. Nd4 Qd2 32. Nf3 Qe2 33. Nd4 Qe4+ 34. Nf3 Qd3 35. b3 Ne3+ 36. fxe3 Qe2+ 37. Kh3 Qxf3 38. Rf4 Qh5+ 39. Kg2 Rxe3 40. Qf1 Rxc3 41. b4 d4 42. Rf2 d3 43. Rd2 Qd5+ 44. Kh3 Rc2 45. Qd1 Qe6+ 46. Kg2 Qe3 47. Rxc2 Qe4+ 48. Kg1 dxc2 49. Qd2 Qc4 50. Qc1 Qe2 0-1

[Event "SVK Extraliga 2017-18"]
[Site "Slovakia"]
[Date "2017.12.10"]
[Round "6"]
[White "Lisko, Frantisek"]
[Black "Gasa, Patrik"]
[Result "1-0"]
[ECO "B06"]
[WhiteElo "2241"]
[BlackElo "2120"]
[Annotator "NA"]
[PlyCount "57"]
[EventDate "2017.??.??"]
[EventType "team-tourn"]
[EventCountry "SVK"]
[SourceTitle "playchess.com"]
[Source "ChessBase"]
[SourceQuality "1"]
[TimeControl "40/5400+30:1800+30"]

1. d4 g6 2. e4 Bg7 3. c4 c5 4. d5 d6 5. Ne2 Na6 6. Nec3 Nc7 7. Bg5 Nf6 8. Be2 Bd7 9. O-O h6 10. Bh4 g5 11. Bg3 h5 12. h4 gxh4 13. Bxh4 Ng4 14. Nd2 Bf6 15. Bxf6 exf6 16. Nf3 Qe7 17. a3 O-O-O 18. b4 f5 19. bxc5 fxe4 20. cxd6 Qxd6 21. Nxe4 Qf4 22. Nc5 Bf5 23. Qa4 Rdg8 24. Qxa7 Ne5 25. Qxb7+ Kd8 26. d6 Rxg2+ 27. Kxg2 Rg8+ 28. Kh1 Nd5 29. cxd5 1-0

[Event "SVK Extraliga 2017-18"]
[Site "Slovakia"]
[Date "2017.12.10"]
[Round "6"]
[White "Fiacan, Robert"]
[Black "Tropp, Oliver"]
[Result "*"]
[ECO "B15"]
[WhiteElo "2229"]
[BlackElo "2198"]
[Annotator "NA"]
[PlyCount "26"]
[EventDate "2017.??.??"]
[EventType "team-tourn"]
[EventCountry "SVK"]
[SourceTitle "playchess.com"]
[Source "ChessBase"]
[SourceQuality "1"]
[TimeControl "40/5400+30:1800+30"]

1. e4 c6 2. d4 d5 3. Nc3 dxe4 4. Nxe4 Nf6 5. Nxf6+ exf6 6. Nf3 Bd6 7. Bd3 Bg4 8. O-O O-O 9. h3 Be6 10. Nh4 g6 11. f4 f5 12. Nf3 Be7 13. Be3 Nd7 *

[Event "SVK Extraliga 2017-18"]
[Site "Slovakia"]
[Date "2017.12.10"]
[Round "6"]
[White "Fiacan, Robert"]
[Black "Tropp, Frantisek"]
[Result "1-0"]
[ECO "B15"]
[WhiteElo "2229"]
[BlackElo "2114"]
[Annotator "NA"]
[PlyCount "63"]
[EventDate "2017.??.??"]
[EventType "team-tourn"]
[EventCountry "SVK"]
[SourceTitle "playchess.com"]
[Source "ChessBase"]
[SourceQuality "1"]
[TimeControl "40/5400+30:1800+30"]

1. e4 c6 2. d4 d5 3. Nc3 dxe4 4. Nxe4 Nf6 5. Nxf6+ exf6 6. Nf3 Bd6 7. Bd3 Bg4 8. O-O O-O 9. h3 Be6 10. Nh4 g6 11. f4 f5 12. Nf3 Be7 13. Be3 Nd7 14. c4 Nf6 15. Ng5 Bc8 16. Qc2 Nh5 17. Nf3 Bd6 18. Ne5 f6 19. c5 fxe5 20. cxd6 exf4 21. Qc4+ Rf7 22. Bd2 Qxd6 23. Rae1 b5 24. Re8+ Kg7 25. Qc3 Bb7 26. d5+ Kh6 27. Re6 Qxd5 28. Rxf4 Qxe6 29. Rxf5+ Nf4 30. Bxf4+ g5 31. Bxg5+ Kg6 32. Re5+ 1-0

[Event "SVK Extraliga 2017-18"]
[Site "Slovakia"]
[Date "2017.12.10"]
[Round "6"]
[White "Kostolansky, Sebastian Lukas"]
[Black "Horvath, Mario"]
[Result "1-0"]
[ECO "B50"]
[WhiteElo "2226"]
[BlackElo "2224"]
[Annotator "NA"]
[PlyCount "57"]
[EventDate "2017.??.??"]
[EventType "team-tourn"]
[EventCountry "SVK"]
[SourceTitle "playchess.com"]
[Source "ChessBase"]
[SourceQuality "1"]
[TimeControl "40/5400+30:1800+30"]

1. e4 c5 2. Nf3 d6 3. c3 Nf6 4. h3 Nc6 5. Bd3 e6 6. O-O Be7 7. Bc2 O-O 8. Re1 b6 9. d4 cxd4 10. cxd4 Nb4 11. Bb3 Ba6 12. Nc3 Nd3 13. Re3 Nxc1 14. Rxc1 Nd7 15. Qd2 b5 16. Ne2 Qb6 17. Rec3 Rfc8 18. Nf4 Qb7 19. Nxe6 fxe6 20. Bxe6+ Kh8 21. Bd5 Qb8 22. Rxc8+ Bxc8 23. Bxa8 Qxa8 24. Qf4 Kg8 25. Rc7 Bf8 26. Qf5 Qb8 27. Ng5 Qxc7 28. Qd5+ Kh8 29. Nf7+ 1-0

[Event "SVK Extraliga 2017-18"]
[Site "Slovakia"]
[Date "2017.12.10"]
[Round "6"]
[White "Veres, Andrej"]
[Black "Federic, Jozef"]
[Result "1/2-1/2"]
[ECO "D63"]
[WhiteElo "2217"]
[BlackElo "2238"]
[Annotator "NA"]
[PlyCount "31"]
[EventDate "2017.??.??"]
[EventType "team-tourn"]
[EventCountry "SVK"]
[SourceTitle "playchess.com"]
[Source "ChessBase"]
[SourceQuality "1"]
[TimeControl "40/5400+30:1800+30"]

1. d4 d5 2. Nf3 Nf6 3. c4 e6 4. Nc3 Be7 5. Bg5 O-O 6. e3 Nbd7 7. Rc1 c6 8. cxd5 Nxd5 9. Bxe7 Qxe7 10. Qc2 Re8 11. Bc4 Nxc3 12. Qxc3 e5 13. dxe5 Nxe5 14. Nxe5 Qxe5 15. Qxe5 Rxe5 16. Rd1 1/2-1/2

[Event "SVK Extraliga 2017-18"]
[Site "Slovakia"]
[Date "2017.12.10"]
[Round "6"]
[White "Jozefek, Michal"]
[Black "Hanko, Pavol"]
[Result "1-0"]
[ECO "E73"]
[WhiteElo "2201"]
[BlackElo "2073"]
[Annotator "NA"]
[PlyCount "61"]
[EventDate "2017.??.??"]
[EventType "team-tourn"]
[EventCountry "SVK"]
[SourceTitle "playchess.com"]
[Source "ChessBase"]
[SourceQuality "1"]
[TimeControl "40/5400+30:1800+30"]

1. d4 Nf6 2. c4 g6 3. Nc3 Bg7 4. e4 d6 5. Be2 O-O 6. Bg5 c5 7. d5 h6 8. Bf4 Nbd7 9. Qd2 Kh7 10. h4 h5 11. Nf3 Ne5 12. Nxe5 dxe5 13. Be3 b6 14. f3 a6 15. O-O-O Bd7 16. g4 b5 17. Rdg1 b4 18. Nd1 hxg4 19. h5 gxh5 20. fxg4 Rh8 21. g5 Ne8 22. Bxh5 Kg8 23. Bxc5 Rc8 24. Bxf7+ Kxf7 25. Qf2+ Nf6 26. gxf6 Bxf6 27. b3 Rb8 28. Qg2 Qg8 29. Rxh8 Qxh8 30. Qg6+ Kf8 31. Rf1 1-0